 Dungeon Crawl Stone Soup version 0.27-a0-1181-g5f64966fcc (webtiles) character file.

Game seed: 7997965888680040612

70 ZappyNine the Conjurer (level 4, -2/37 HPs)
             Began as a Draconian Conjurer on May 17, 2021.
             Slain by an orc
             ... wielding a +0 war axe
              (4 damage)
             ... on level 2 of the Dungeon.
             The game lasted 00:02:09 (1678 turns).

ZappyNine the Conjurer (Draconian Conjurer)         Turns: 1678, Time: 00:02:10

Health: -2/37      AC:  5    Str:  9    XL:     4   Next: 3%
Magic:  3/8        EV: 12    Int: 19    God:
Gold:   30         SH:  0    Dex: 10    Spells: 6/9 levels left

rFire    + . .     SeeInvis .   a - +0 club
rCold    + . .     Faith    .   (no shield)
rNeg     . . .     Spirit   .   (armour unavailable)
rPois    +         Reflect  .   (helmet restricted)
rElec    +         Harm     .   (no cloak)
rCorr    +         Rampage  .   (no gloves)
Will     .....                  (no boots)
Stlth    ++........             (no amulet)
HPRegen  0.12/turn              (no ring)
MPRegen  0.11/turn              (no ring)

@: mighty, resistant, attractive
A: AC +5, unfitting armour, cold-blooded
a: no special abilities


You were on level 2 of the Dungeon.
You visited 1 branch of the dungeon, and saw 2 of its levels.

You collected 30 gold pieces.

Inventory:

Hand Weapons
 a - a +0 club (weapon)
Scrolls
 b - 2 scrolls of teleportation {unknown}
 d - a scroll of fog {unknown}
Potions
 c - 2 potions of might


   Skills:
 + Level 2.4 Fighting
 - Level 1.7 Dodging
 - Level 1.7 Stealth
 + Level 3.0 Spellcasting
 + Level 4.3 Conjurations


You had 6 spell levels left.
You knew the following spells:

 Your Spells              Type           Power      Damage    Failure   Level
a - Magic Dart            Conj           76%        1d6       2%          1
b - Searing Ray           Conj           38%        3d4       4%          2

Your spell library contained the following spells:

 Spells                   Type           Power      Damage    Failure   Level
 Dazzling Flash           Conj/Hex       22%        N/A       19%         3
 Fulminant Prism          Conj/Hex       5%         3d7       54%         4
 Iskenderun's Mystic Bla  Conj/Tloc      11%        2d4       54%         4


Dungeon Overview and Level Annotations

Branches:
Dungeon (2/15)

Altars:


Innate Abilities, Weirdness & Mutations

Your plain brown scales are hard. (AC +5)
You cannot fit into any form of body armour.
You are cold-blooded and may be slowed by cold attacks.


Message History

You feel very mighty all of a sudden. The orc closely misses you.
It was a potion of resistance.
You feel protected. The orc misses you.
Your magical contamination has completely faded away.
It was a potion of attraction.
You feel attractive to monsters. The orc hits you but does no damage.
You thump the orc!
You kill the orc!
The orc barely misses you. The orc hits you with a +0 dagger.
* * * LOW HITPOINT WARNING * * *
Unknown command.
You sock the orc priest!
You kill the orc priest!
The orc completely misses you.
Your Spellcasting skill increases to level 3!
You have reached level 4!
You feel agile.
You hit the orc.
The orc is almost dead.
The orc closely misses you.
You closely miss the orc.
The orc is almost dead.
The orc hits you but does no damage.
You hit the orc.
You kill the orc!
You start resting.
An orc comes into view. It is wielding a +0 war axe.
The orc is pulled toward you!
An orc is nearby!
An orc is nearby!
You closely miss the orc. The orc closely misses you.
You barely miss the orc. The orc barely misses you.
You closely miss the orc.
Your tail-slap misses the orc.
The orc hits you with a +0 war axe.
* * * LOW HITPOINT WARNING * * *
The orc hits you with a +0 war axe.
You die...

#.# #.# #.#.......
#.###########.#......#
#...............#.#.#####
#..#.#.>####...#.........#
#.......##.......#.#.#.#.#
#..#.#.>...#.#...........##
#.................#.#.#.#..#
.............#.#@#..........#
##........##...)o#.#.#.#.#..#
##.....#.####..............#
##...##.# #.###.#.#.#.#..###
##.###.# #.# #...).........
#. #. #.# ######...####. #.#
###...####.
#.######..........
#........#########


You could see an orc.

Vanquished Creatures
  An orc priest (D:2)
  3 orcs (D:2)
  2 ball pythons (D:1)
  An endoplasm (D:1)
  2 goblins (D:1)
  A hobgoblin (D:1)
  13 jackals (D:1)
  2 quokkas (D:1)
  A bat (D:1)
  3 kobolds (D:1)
  2 rats
31 creatures vanquished.

Notes
Turn   | Place    | Note
-------+----------+-------------------------------------------
     0 | D:1      | ZappyNine the Draconian Conjurer began the quest for the
                  | Orb.
     0 | D:1      | Reached XP level 1. HP: 14/14 MP: 3/3
   270 | D:1      | Reached skill level 1 in Fighting
   437 | D:1      | Reached XP level 2. HP: 22/23 MP: 5/5
   797 | D:1      | Learned a level 2 spell: Searing Ray
   813 | D:1      | Found a faded altar of an unknown god.
  1284 | D:1      | Reached XP level 3. HP: 15/29 MP: 4/7
  1668 | D:2      | Reached XP level 4. HP: 4/37 MP: 2/8
  1678 | D:2      | Slain by an orc

Illustrated notes

Levels and vault maps discovered:
D:1:      sevenhm_arrival_forest_fort_small_4, layout_basic,
          chequers_ecumenical_altar_island, minmay_misc_feat_secret_circle
D:2:      cheibrodos_pilgrimage, layout_loops_ring, serial_shops,
          nicolae_shop_crystal, serial_co_window_serial, co_window_paths_a,
          co_window_corner_a, co_window_corner_a, co_window_of_opportunity_a,
          co_window_cross_1, co_window_of_opportunity_a, co_window_paths_a,
          co_window_corner_a, co_window_of_opportunity_a, co_window_broadway_a,
          co_window_cross_2, co_window_of_opportunity_b, co_window_broadway_c,
          co_window_paths_d, glass_columns_a, glass_columns_a, glass_columns_c,
          basic_altar

Skill      XL: |  1  2  3 |
---------------+----------+-----
Fighting       | 1 2 |  2.4
Spellcasting   | 3 |  3.0
Dodging        | |  1.7
Stealth        | |  1.7
Conjurations   | |  4.3

Action                   |  1- 3 |  4- 6 || total
-------------------------+-------+-------++-------
Melee: Club              |    83 |     6 ||    89
       Unarmed           |    11 |       ||    11
       Tailslap          |     5 |       ||     5
 Cast: Magic Dart        |    22 |       ||    22
       Searing Ray       |     5 |       ||     5
  Use: Potion            |     3 |       ||     3
 Stab: Sleeping          |     1 |       ||     1
Armor: Skin              |    47 |     1 ||    48
Dodge: Dodged            |    96 |     3 ||    99

Table legend: (Time is in decaauts)
 A = Elapsed time spent in this place.
 B = Non-inter-level travel time spent in this place.
 C = Inter-level travel time spent in this place.
 D = Time resting spent in this place.
 E = Time spent auto-exploring this place.
 F = Levels seen in this place.
 G = Mean time per level.
                   A        B        C        D        E       F      G
               +--------+--------+--------+--------+--------+-----+--------+
         Total |   1713 |   1682 |     31 |    417 |   1009 |   2 |  856.5 |
       Dungeon |   1713 |   1682 |     31 |    417 |   1009 |   2 |  856.5 |
               +--------+--------+--------+--------+--------+-----+--------+

Top non-repeatable levels by time:
     D:1: 1637 daAuts
     D:2: 76 daAuts
